 Dungeon Crawl Stone Soup version 0.28-a0-578-g717728bcc0 (webtiles) character file.

Game seed: 8258706571675726342

2111 Conn the Magician (level 9, 0/48 (54) HPs)
             Began as an Octopode Fire Elementalist on Oct 2, 2021.
             Was a Follower of Sif Muna.
             Engulfed by a steam dragon's steam (12 damage)
             ... on level 7 of the Dungeon.
             The game lasted 00:19:44 (8466 turns).

Conn the Magician (Octopode Fire Elementalist)      Turns: 8466, Time: 00:19:44

HP:   0/48 (54)     AC:  1    Str:  5 (8)  XL:     9   Next: 28%
MP:   1/19          EV: 13    Int: 17 (20) God:    Sif Muna [*.....]
Gold: 218           SH:  0    Dex: 11 (12) Spells: 8/21 levels left

rFire   . . .      SeeInvis +   d - +3 dagger
rCold   . . .      Faith    .   (no shield)
rNeg    . . .      Spirit   .   (helmet restricted)
rPois   .          Reflect  .   (no amulet)
rElec   .          Harm     .   g - ring of see invisible
rCorr   .          Rampage  .   q - ring of flight
Will    +....                   (no ring)
Stlth   ++++......              (no ring)
HPRegen 0.16/turn               (no ring)
MPRegen 0.16/turn               (no ring)
                                (no ring)
                                (no ring)

@: flying, heavily drained
A: almost no armour, amphibious, 8 rings, camouflage 1, gelatinous body 1,
(nimble swimmer 1), tentacles, strong-willed 1
a: Renounce Religion, Channel Magic


You were on level 7 of the Dungeon.
You worshipped Sif Muna.
Sif Muna was aware of your devotion.
You visited 2 branches of the dungeon, and saw 8 of its levels.

You collected 252 gold pieces.
You spent 34 gold pieces at shops.

Inventory:

Hand Weapons
 c - a +0 dagger
 d - a +3 dagger (weapon)
Magical Staves
 v - a staff of earth
Jewellery
 g - a ring of see invisible (left tentacle)
 q - a ring of flight (right tentacle)
Wands
 i - a wand of digging (6)
 t - a wand of iceblast (3)
Scrolls
 b - a scroll of enchant armour
 h - 2 scrolls of teleportation {unknown}
 n - a scroll of vulnerability
 p - a scroll of amnesia {unknown}
 r - a scroll of brand weapon {unknown}
 s - 2 scrolls of enchant weapon {unknown}
 w - a scroll of noise
Potions
 f - 2 potions of mutation
 j - a potion of attraction
 l - a potion of curing
 u - a potion of resistance


   Skills:
 + Level 1.7 Fighting
 + Level 1.5 Short Blades
 + Level 2.9 Dodging
 + Level 5.1 Stealth
 + Level 6.9 Spellcasting
 + Level 5.4 Conjurations
 + Level 1.5 Hexes
 + Level 6.5 Fire Magic


You had 8 spell levels left.
You knew the following spells:

 Your Spells              Type           Power      Damage    Failure   Level
a - Foxfire               Conj/Fire      100%       2x1d9     1%          1
b - Conjure Flame         Conj/Fire      26%        6-21      3%          3
c - Inner Flame           Hex/Fire       19%        N/A       7%          3
d - Flame Wave            Conj/Fire      26%        3d6       10%         4
e - Scorch                Fire           56%        2d8       1%          2

Your spell library contained the following spells:

 Spells                   Type           Power      Damage    Failure   Level
 Apportation              Tloc           10%        N/A       12%         1
 Ensorcelled Hibernation  Hex/Ice        16%        N/A       13%         2
 Gell's Gravitas          Tloc           2%         N/A       34%         3
 Spider Form              Tmut/Pois      2%         N/A       34%         3
 Teleport Other           Tloc           5%         N/A       34%         3
 Dispersal                Tloc           2%         N/A       100%        6


Dungeon Overview and Level Annotations

Branches:
Dungeon (7/15)             Temple (1/1) D:6

Altars:
Ashenzari
Cheibriados
Elyvilon
Makhleb
Okawaru
Sif Muna
Trog
Uskayaw
Vehumet
Zin
The Shining One

Shops:
D:2 *   D:4 *

Annotations:
D:6 anet's ghost, novice GnDe


Innate Abilities, Weirdness & Mutations

You cannot wear most types of armour.
You are amphibious.
You can wear up to eight rings at the same time.
Your skin changes colour to match your surroundings (Stealth+).
Your rubbery body absorbs attacks. (AC +1, EV +1)
((You are camouflaged near water. (Stealth+)))
You have tentacles for arms and can constrict up to eight enemies at once.
You are strong-willed. (Will+)


Message History

The foxfire hits the gnoll sergeant but does no damage.
The gnoll sergeant is severely wounded.
The steam dragon breathes steam at you. The ball of steam misses you.
The steam dragon moves out of view.
You hear a shout!
Unknown command.
The foxfire hits the gnoll sergeant!
You kill the gnoll sergeant!
Sif Muna accepts your kill.
You can now call upon Sif Muna for magical energy.
The gnoll throws a stone.
The stone misses you.
You feel your dexterity returning.
Unknown command.
The gnoll throws a stone.
The stone hits you.
The gnoll throws a stone.
The stone hits you.
Things that are here:
a +0 club; a boomerang; a +0 leather armour Unknown command.
Unknown command.
Okay, then.
Okay, then.
Aiming: Iceblast
Press: ? - help, Shift-Dir - straight line, f - steam dragon
Aim: a steam dragon The mass of ice explodes!
The iceblast engulfs the steam dragon.
The steam dragon is lightly wounded.
You hear a bark!
You hear a shout!
Unknown command.
Casting: Foxfire (safe; 1% risk of failure)
Confirm with . or Enter, or press ? or * to list all spells.
Okay, then.
You fail to use your ability.
The steam dragon breathes steam at you. The ball of steam hits you!!
* * * LOW HITPOINT WARNING * * *
Unknown command.
As you read the scroll of fear, it crumbles to dust.
You assume a fearsome visage.
The steam dragon looks frightened!
You are engulfed in a cloud of scalding steam.
You die...

### ..o ######.###.....
##..#...).).....
#####.......#)).#...
#...<#...(.#######
##....#........##.#.##.
###......................
#...........D##...##.#..
####......##@###..##.##.
#P≈..≈.##§##.§........
#≈P..P^#.§##..≈≈≈≈≈≈≈≈
#P^P..##§....≈≈).†....
##P...##....≈≈.....##.
#P..^###...≈.....##
#≈.≈#.....≈....##
#...≈≈≈....# #...≈≈......


You could see a steam dragon (fleeing, catching breath).

Vanquished Creatures
  A sky beast (D:6)
  An ice beast (D:6)
  An orc warrior (D:7)
  2 ogres
  A centaur (D:5)
  2 phantoms
  3 bullfrogs
  3 gnoll sergeants
  A scorpion (D:6)
  2 water moccasin skeletons
  A howler monkey (D:6)
  7 hounds
  3 jellies
  A gnoll shaman (D:6)
  An iguana (D:4)
  2 centaur skeletons (D:5)
  Ijyb (D:3)
  3 orc wizards
  A hound skeleton (D:5)
  16 gnolls
  6 adders
  2 shadow imps (D:6)
  2 white imps
  2 worms
  3 dart slugs
  6 orcs
  14 endoplasms
  3 giant cockroaches
  9 goblins
  7 hobgoblins
  8 jackals
  2 quokkas
  6 ball pythons
  6 bats
  5 frilled lizards
  4 kobolds
  2 rats
140 creatures vanquished.

Vanquished Creatures (collateral kills)
  3 foxfires (D:3)
3 creatures vanquished.

Vanquished Creatures (others)
  604 foxfires
  8 fungi (D:7)
612 creatures vanquished.

Grand Total: 755 creatures vanquished

Notes
Turn   | Place    | Note
-------+----------+-------------------------------------------
     0 | D:1      | Conn the Octopode Fire Elementalist began the quest for the
                  | Orb.
     0 | D:1      | Reached XP level 1. HP: 11/11 MP: 3/3
   366 | D:1      | Reached XP level 2. HP: 17/17 MP: 0/5
   955 | D:1      | Reached XP level 3. HP: 21/21 MP: 1/6
  1672 | D:2      | Reached XP level 4. HP: 22/27 MP: 0/8
  1905 | D:2      | Found Ereimu Mache's Assorted Antiques.
  1910 | D:2      | Bought a grey potion for 17 gold pieces
  1910 | D:2      | Bought a viscous purple potion for 17 gold pieces
  2517 | D:2      | Reached XP level 5. HP: 31/31 MP: 4/9
  2668 | D:2      | You fall into a shaft and drop 1 floor!
  2699 | D:3      | Reached skill level 1 in Short Blades
  2702 | D:3      | Reached skill level 1 in Fighting
  3149 | D:3      | Found a broken altar of Ashenzari.
  3295 | D:3      | Reached XP level 6. HP: 38/38 MP: 11/11
  3313 | D:3      | Noticed Ijyb
  3325 | D:3      | Killed Ijyb
  3841 | D:4      | Found Zin's Purification Station.
  3841 | D:4      | Found a glowing silver altar of Zin.
  3847 | D:4      | You fall into a shaft and drop 2 floors!
  3861 | D:5      | Entered Level 5 of the Dungeon
  4313 | D:2      | Found a faded altar of an unknown god.
  4693 | D:4      | Found a bloodstained altar of Trog.
  4694 | D:4      | Found a hide-covered altar of Uskayaw.
  4697 | D:4      | Found a snail-covered altar of Cheibriados.
  4697 | D:4      | Found an iron altar of Okawaru.
  4955 | D:4      | Reached XP level 7. HP: 43/43 MP: 7/13
  5249 | D:5      | Found a radiant altar of Vehumet.
  5428 | D:5      | Reached skill level 5 in Spellcasting
  5428 | D:5      | Reached skill level 5 in Fire Magic
  5439 | D:5      | Reached XP level 8. HP: 20/48 MP: 0/15
  5845 | D:5      | Found a burning altar of Makhleb.
  5938 | D:5      | Found a shimmering blue altar of Sif Muna.
  5942 | D:5      | Became a worshipper of Sif Muna the Loreminder
  5957 | D:5      | Reached skill level 5 in Stealth
  6033 | D:5      | Got Sif Muna's Volume of Orientation
  6423 | D:6      | Learned a level 3 spell: Conjure Flame
  6427 | D:6      | Learned a level 3 spell: Inner Flame
  6783 | D:6      | Found a runed translucent door.
  6789 | D:6      | Noticed anet's ghost (novice GnDe)
  7110 | D:6      | Learned a level 4 spell: Flame Wave
  7113 | D:6      | Learned a level 2 spell: Scorch
  7500 | D:6      | Reached skill level 5 in Conjurations
  7629 | D:6      | Found a staircase to the Ecumenical Temple.
  7637 | Temple   | Entered the Ecumenical Temple
  7668 | D:6      | Reached XP level 9. HP: 52/54 MP: 13/18
  7698 | D:6      | Reached skill level 1 in Hexes
  7927 | D:6      | Gained mutation: You are strong-willed. (Will+) [potion of
                  | mutation]
  8458 | D:7      | Reached * piety under Sif Muna
  8466 | D:7      | Engulfed by a steam dragon's steam

Illustrated notes

Levels and vault maps discovered:
D:1:      elethiomel_arrival_fortress_basement, layout_basic,
          grunt_decor_fettered, minmay_heptomino_h4
D:2:      layout_loops_ring, serial_shops, shop,
          shapermc_ecumenical_altar_totnotflames
D:3:      layout_basic, cheibrodos_ashenzari_chains, cheibrodos_gnoll_hut,
          uniq_ijyb
D:4:      layout_loops_cross, zin_purify,
          chequers_temple_overflow_statue_of_worship
D:5:      layout_rooms, mainiacjoe_overflow_small_starburst, led_sif_book,
          lemuel_doored_altar
D:6:      layout_basic, minmay_temple_entry_mini_moons, ebering_ghost_sewer_d,
          kennysheep_cross_bottleneck
D:7:      kennysheep_steamy, layout_cave_pools, nemelex_diamond_rough_becter,
          mainiacjoe_overflow_boulevard, serial_gnoll_camp,
          gnoll_camp_mini_sergeant, gnoll_camp_huts_moat, gnoll_camp_mini_hut,
          gnoll_camp_mini_hut, gnoll_camp_mini_hut, gnoll_camp_mini_loothouse
Temple:   chequers_temple_sunken

Skill      XL: |  1  2  3  4  5  6  7  8  9 |
---------------+----------------------------+-----
Stealth        | 3 4 5 |  5.1
Spellcasting   | 3 4 5 6 |  6.9
Conjurations   | 2 3 4 5 |  5.4
Short Blades   | 1 |  1.5
Fire Magic     | 4 5 6 |  6.5
Fighting       | 1 |  1.7
Hexes          | 1 |  1.5
Dodging        | |  2.9

Action                   |  1- 3 |  4- 6 |  7- 9 || total
-------------------------+-------+-------+-------++-------
Melee: Unarmed           |    20 |       |       ||    20
       Constrict         |     5 |    13 |     3 ||    21
       Tentacles         |     3 |     6 |     8 ||    17
       Dagger            |     2 |    47 |    47 ||    96
 Cast: Foxfire           |    66 |   111 |   178 ||   355
       Scorch            |       |       |     8 ||     8
       Inner Flame       |       |       |    11 ||    11
       Flame Wave        |       |       |     2 ||     2
       Conjure Flame     |       |       |     2 ||     2
Evoke: Wand              |       |       |     2 ||     2
  Use: Scroll            |       |     1 |     4 ||     5
       Potion            |       |       |     6 ||     6
 Stab: Sleeping          |     2 |     6 |     1 ||     9
       Distracted        |       |     1 |       ||     1
Armor: Skin              |     1 |     2 |     7 ||    10
Dodge: Dodged            |    27 |    43 |    46 ||   116

Table legend: (Time is in decaauts)
 A = Elapsed time spent in this place.
 B = Non-inter-level travel time spent in this place.
 C = Inter-level travel time spent in this place.
 D = Time resting spent in this place.
 E = Time spent auto-exploring this place.
 F = Levels seen in this place.
 G = Mean time per level.
                   A        B        C        D        E       F      G
               +--------+--------+--------+--------+--------+-----+--------+
         Total |   8464 |   8252 |    212 |    807 |   5734 |   8 | 1058.0 |
       Dungeon |   8463 |   8251 |    212 |    807 |   5734 |   7 | 1209.0 |
        Temple |      1 |      1 |      0 |      0 |      0 |   1 |    1.0 |
               +--------+--------+--------+--------+--------+-----+--------+

Top non-repeatable levels by time:
     D:1: 1637 daAuts
     D:6: 1462 daAuts
     D:5: 1348 daAuts
     D:2: 1330 daAuts
     D:3: 1236 daAuts
     D:4: 997 daAuts
     D:7: 449 daAuts
  Temple: 1 daAuts
